 Dungeon Crawl Stone Soup version 0.20-a0-514-g839ffe0 (webtiles) character file.

448 FrankyJ the Skirmisher (level 7, -1/60 HPs)
             Began as a Barachian Skald on Jan 23, 2017.
             Slain by an orc
             ... wielding a cursed -2 flail
              (7 damage)
             ... on level 3 of the Dungeon on Jan 24, 2017.
             The game lasted 00:11:01 (3079 turns).

FrankyJ the Skirmisher (Barachian Skald)            Turns: 3079, Time: 00:11:01

Health: -1/60      AC:  7    Str: 11    XL:     7   Next: 4%
Magic:  10/10      EV: 11    Int: 12    God:
Gold:   124        SH:  0    Dex: 10    Spells: 4/10 levels left

rFire    . . .     SeeInvis .   h - +1 dagger (venom)
rCold    . . .     Gourm    .   i - +2 leather armour {MR+}
rNeg     . . .     Faith    .   (no shield)
rPois    .         Spirit   .   m - +2 hat
rElec    .         Reflect  .   (no cloak)
rCorr    .         Harm     .   (no gloves)
MR       +....                  (no boots)
Stlth    +.........             (no amulet)
Regen    0.2/turn               (no ring)
                                (no ring)

@: can't hop, slow
A: swims, slowness 1, strong legs 1
a: Hop


You were on level 3 of the Dungeon.
You were not hungry.

You visited 1 branch of the dungeon, and saw 3 of its levels.

You collected 124 gold pieces.

Inventory:

Hand Weapons
 a - a +0 falchion
 h - a +1 dagger of venom (weapon)
 q - a +0 blowgun
Missiles
 n - 2 tomahawks (quivered)
 p - 17 poisoned needles
Armour
 i - a +2 leather armour of magic resistance (worn)
 m - a +2 hat (worn)
Scrolls
 g - a scroll of teleportation {unknown}
Potions
 e - a potion of might {unknown}
 f - 2 potions of curing {unknown}
 j - 3 potions of heal wounds {unknown}
 k - a potion of agility {unknown}
Books
 c - a book of Battle

   Spells                             Type                      Level
   a - Infusion                       Charms                       1
   b - Shroud of Golubria             Charms/Translocation         2
   c - Song of Slaying                Charms                       2
   d - Spectral Weapon                Hexes/Charms                 3
   e - Regeneration                   Charms/Necromancy            3
Comestibles
 d - 2 bread rations
 l - a meat ration


   Skills:
 + Level 7.3 Fighting
 - Level 3.2 Long Blades
 - Level 2.1 Armour
 - Level 2.0 Dodging
 - Level 2.0 Spellcasting
 - Level 3.0 Charms


You had 4 spell levels left.
You knew the following spells:

 Your Spells              Type           Power        Failure   Level  Hunger
a - Infusion              Chrm           #...         12%         1    ##.....
b - Song of Slaying       Chrm           #.......     17%         2    ###....
c - Regeneration          Chrm/Necr      #.........   61%         3    ####...


Dungeon Overview and Level Annotations

Branches:
Dungeon (3/15)

Altars:
Dithmenos
Vehumet


Innate Abilities, Weirdness & Mutations

You can swim through water.
You cover ground slowly.
You can hop short distances.


Message History

The orc priest is severely wounded.
The orc priest barely misses you. The orc barely misses you.
You closely miss the orc priest.
The orc priest is severely wounded.
You kill the orc!
The orc priest barely misses you.
You hit the orc priest.
The orc priest looks as sick as possible!
The orc priest is almost dead.
The orc priest invokes the aid of Beogh against you.
Beogh smites you!
* * * LOW HITPOINT WARNING * * *
Unknown command.
Hop to where?
Press: ? - help, Dir - move target cursor Boing!
You kill the orc priest!
You have reached level 7!
The orc hits you with a flail!
You die...

########## #.)oo....# ##
#######.######.# ##
#....!....@###.##.#.####
##.##.#######o§##...o........
#...#.#######)o###.##.#.#####
..........##...>o....#.#
.....###..##.####.#### #
..##.###..##.# #...
#..........# ###.#
#.#.####.#### .# #.# #.# #


You could see 2 orcs.

Vanquished Creatures
  Grinder (D:3)
  2 orc priests
  2 orc wizards (D:3)
  4 adders
  2 oozes (D:1)
  2 dart slugs
  2 worms (D:2)
  2 leopard geckos (D:2)
  8 orcs
  A ball python (D:1)
  9 giant cockroaches (D:2)
  8 goblins
  8 hobgoblins
  9 kobolds
  A quokka (D:2)
  4 bats (D:2)
  4 frilled lizards
  2 rats (D:2)
71 creatures vanquished.

Notes
Turn   | Place    | Note
-------+----------+-------------------------------------------
     0 | D:1      | FrankyJ the Barachian Skald began the quest for the Orb.
     0 | D:1      | Reached XP level 1. HP: 16/16 MP: 3/3
   159 | D:1      | Reached XP level 2. HP: 14/23 MP: 5/5
   817 | D:1      | Reached XP level 3. HP: 27/28 MP: 6/6
  1446 | D:2      | Learned a level 2 spell: Song of Slaying
  1450 | D:2      | Learned a level 3 spell: Regeneration
  1484 | D:2      | Reached skill level 3 in Fighting
  1789 | D:2      | Reached XP level 4. HP: 33/35 MP: 7/7
  1902 | D:2      | Found a radiant altar of Vehumet.
  2150 | D:2      | Found a shadowy altar of Dithmenos.
  2404 | D:2      | Reached skill level 4 in Fighting
  2405 | D:2      | Reached XP level 5. HP: 23/43 MP: 8/8
  2620 | D:3      | Reached skill level 5 in Fighting
  2749 | D:3      | Noticed Grinder
  2766 | D:3      | Killed Grinder
  2766 | D:3      | Reached skill level 6 in Fighting
  2766 | D:3      | Reached XP level 6. HP: 23/53 MP: 0/9
  3041 | D:3      | Reached skill level 7 in Fighting
  3079 | D:3      | Reached XP level 7. HP: 6/60 MP: 10/10
  3079 | D:3      | Slain by an orc

Vault maps used:
D:1:      dpeg_arrival_tiny_b
D:2:      minmay_roachtagon, nicolae_dithmenos_through_a_glass_darkly,
          vehumet_crystals
D:3:      lemuel_round_altar, eino_curves_03, uniq_natasha, uniq_grinder

Skill      XL: |  1  2  3  4  5  6 |
---------------+-------------------+-----
Armour         | 2 |  2.1
Long Blades    | 3 |  3.2
Fighting       | 3 4 6 7 |  7.3
Dodging        | |  2.0
Spellcasting   | |  2.0
Charms         | |  3.0

Action                   |  1- 3 |  4- 6 |  7- 9 || total
-------------------------+-------+-------+-------++-------
Melee: Falchion          |    40 |       |       ||    40
       Dagger            |    84 |   117 |       ||   201
 Cast: Infusion          |     1 |     2 |       ||     3
 Abil: Hop               |     2 |     1 |       ||     3
  Use: Scroll            |       |     2 |       ||     2
  Eat: Chunk             |     3 |     5 |       ||     8
Armor: Leather armour    |    36 |    49 |       ||    85
Dodge: Dodged            |    77 |    69 |       ||   146
       Rpst.: Falchion   |    12 |       |       ||    12
